 Dungeon Crawl Stone Soup version 0.22.1-1-ga44c0e5 (webtiles) character file.

25 Goblin1989 the Firebug (level 3, 0/28 HPs)
             Began as a Human Wanderer on Oct 22, 2018.
             Slain by a worm (4 damage)
             ... on level 2 of the Dungeon.
             The game lasted 00:03:31 (1640 turns).

Goblin1989 the Firebug (Human Wanderer)             Turns: 1640, Time: 00:03:32

Health: 0/28       AC:  0    Str: 12    XL:     3   Next: 17%
Magic:  3/3        EV:  9    Int: 13    God:
Gold:   56         SH:  0    Dex: 12    Spells: 2/2 levels left

rFire    . . .     SeeInvis .     - Unarmed
rCold    . . .     Gourm    .   (no shield)
rNeg     . . .     Faith    .   I - +0 ring mail
rPois    .         Spirit   .   (no helmet)
rElec    .         Reflect  .   (no cloak)
rCorr    .         Harm     .   (no gloves)
MR       .....                  (no boots)
Stlth    +.........             (no amulet)
HPRegen  0.09/turn              D - -5 ring of protection (curse)
MPRegen  0.08/turn              (no ring)

@: no status effects
A: no striking features
a: no special abilities


You were on level 2 of the Dungeon.
You were not hungry.

You visited 1 branch of the dungeon, and saw 2 of its levels.

You collected 56 gold pieces.

Inventory:

Hand Weapons
 w - a +0 blowgun {@w1}
 W - a +0 hunting sling
Missiles
 d - 13 poisoned needles
Armour
 I - a +0 ring mail (worn)
 S - a +0 plate armour
 Y - a +0 pair of boots
Magical Staves
 V - an uncursed staff of air {unknown}
Jewellery
 D - a cursed -5 ring of protection (left hand)
Scrolls
 b - a scroll of fear
 B - a scroll of blinking
 R - a scroll of identify {@r1}
 U - a scroll of enchant weapon {unknown}
Potions
 F - a potion of curing {@q1}
 X - a potion of invisibility {unknown}
Comestibles
 e - 3 rations


   Skills:
 + Level 2.9 Fighting
 - Level 1.0 Throwing
 - Level 1.0 Stealth
 - Level 2.0 Unarmed Combat
   Level 2.0 Conjurations
   Level 3.0 Fire Magic


You had 2 spell levels left.
You didn't know any spells.
Your spell library contained the following spells:

 Spells                   Type           Power        Failure   Level  Hunger
 Sting                    Conj/Pois      #...         43%         1    ##.....
 Stone Arrow              Conj/Erth      #.....       80%         3    ####...


Dungeon Overview and Level Annotations

Branches:
Dungeon (2/15)

Altars:


Message History

You see here a hunting sling.
W - a hunting sling
There is a stone staircase leading up here.
The dart slug launches a dart at you. The slug dart hits you!
You take 6 damage, and have 22/28 hp.
MASSIVE DAMAGE!!
The dart slug barely misses you.
You hit the dart slug.
The dart slug is moderately wounded.
The dart slug barely misses you.
You hit the dart slug.
The dart slug is heavily wounded.
You hit the dart slug.
You kill the dart slug!
There is a stone staircase leading up here.
HP restored.
X - a yellow potion Health restored: 28
Y - a pair of boots A hobgoblin comes into view.
The hobgoblin shouts!
You hit the hobgoblin.
The hobgoblin is lightly wounded.
The hobgoblin hits you.
You take 5 damage, and have 23/28 hp.
You hit the hobgoblin.
The hobgoblin is severely wounded.
The hobgoblin hits you.
You take 1 damage, and have 22/28 hp.
You closely miss the hobgoblin.
The hobgoblin is severely wounded.
The hobgoblin hits you.
A worm comes into view.
You take 5 damage, and have 17/28 hp.
You closely miss the hobgoblin.
The hobgoblin is severely wounded.
The hobgoblin closely misses you.
You hit the hobgoblin but do no damage.
The hobgoblin is severely wounded.
The hobgoblin hits you.
You take 1 damage, and have 16/28 hp.
You are too injured to fight recklessly!
You are too injured to fight recklessly!
You are too injured to fight recklessly!
You are too injured to fight recklessly!
You are too injured to fight recklessly!
You are too injured to fight recklessly!
You are too injured to fight recklessly!
You are too injured to fight recklessly!
You are too injured to fight recklessly!
You are too injured to fight recklessly!
You are too injured to fight recklessly!
You are too injured to fight recklessly!
You are too injured to fight recklessly!
You are too injured to fight recklessly!
You are too injured to fight recklessly!
You are too injured to fight recklessly!
You are too injured to fight recklessly!
You are too injured to fight recklessly!
You are too injured to fight recklessly!
You are too injured to fight recklessly!
You are too injured to fight recklessly!
You are too injured to fight recklessly!
You are too injured to fight recklessly!
You are too injured to fight recklessly!
You hit the hobgoblin.
The hobgoblin is almost dead.
The hobgoblin hits you.
You take 3 damage, and have 13/28 hp.
You hit the hobgoblin but do no damage.
The hobgoblin is almost dead.
The hobgoblin barely misses you.
You hit the hobgoblin but do no damage.
The hobgoblin is almost dead.
The hobgoblin hits you.
* * * LOW HITPOINT WARNING * * *
You take 3 damage, and have 10/28 hp.
You closely miss the hobgoblin.
The hobgoblin is almost dead.
The hobgoblin hits you.
* * * LOW HITPOINT WARNING * * *
You take 2 damage, and have 8/28 hp.
Your ring mail prevents you from hitting the hobgoblin.
The hobgoblin is almost dead.
The hobgoblin hits you.
* * * LOW HITPOINT WARNING * * *
You take 4 damage, and have 4/28 hp.
You barely miss the hobgoblin.
The hobgoblin is almost dead.
The hobgoblin barely misses you.
Your ring mail prevents you from hitting the hobgoblin.
The hobgoblin is almost dead.
The hobgoblin barely misses you.
Your ring mail prevents you from hitting the hobgoblin.
The hobgoblin is almost dead.
The hobgoblin completely misses you.
You closely miss the hobgoblin.
The hobgoblin is almost dead.
The worm bites you.
You die...

█████.........█████.
█..................█
█....███████.......█
▲..........▲.......█
█.....██████.......█
▲<.................█
█.....█████........█
▲.........█........█
██...w@███.█.█▲██....
█.█....g..██.█.█ ....
█.........██...█ ...
███.......██████ ..
...........
...........(..
..............██
.█.█████.███... █. ▲█
%..


You could see a worm and a hobgoblin.

Vanquished Creatures
  2 dart slugs
  A ball python (D:1)
  2 giant cockroaches (D:1)
  2 goblins (D:1)
  3 hobgoblins (D:1)
  2 bats (D:1)
  4 frilled lizards (D:1)
  3 kobolds (D:1)
  A rat (D:1)
20 creatures vanquished.

Notes
Turn   | Place    | Note
-------+----------+-------------------------------------------
     0 | D:1      | Goblin1989 the Human Wanderer began the quest for the Orb.
     0 | D:1      | Goblin1989 set off with: a scroll of fear, 13 poisoned
                  | needles, a ration, a +0 robe, a +0 blowgun {@w1}, a scroll
                  | of blinking
     0 | D:1      | Reached XP level 1. HP: 15/15 MP: 1/1
   406 | D:1      | Reached XP level 2. HP: 15/22 MP: 2/2
  1126 | D:1      | Reached XP level 3. HP: 28/28 MP: 3/3
  1640 | D:2      | Slain by a worm

Skill      XL: |  1  2 |
---------------+-------+-----
Fighting       | 2 |  2.9
Throwing       | |  1.0
Stealth        | |  1.0
Unarmed Combat | |  2.0
Conjurations   | |  2.0
Fire Magic     | |  3.0

Action                   || total
-------------------------++-------
Melee: Unarmed           ||    98
  Use: Scroll            ||     3
  Eat: Chunk             ||     2
Armor: Robe              ||    16
Dodge: Dodged            ||    40

Vault maps used:
D:1:      nzn_arrival_settlement, kennysheep_pointless_box
D:2:      chequers_ecumenical_altar_lobes, uniq_natasha, uniq_jessica
